 Dungeon Crawl Stone Soup version 0.30-a0-141-g30f27751c5 (console) character file.

Game seed: 3487945608536285790

4171 Colgate the Fighter (level 10, 0/88 HPs)
             Began as an Octopode Transmuter on Sept 24, 2022.
             Was an Elder of Qazlal.
             Slain by an acid dragon (4 damage)
             ... on level 9 of the Dungeon on Sept 25, 2022.
             The game lasted 01:11:58 (14217 turns).

Colgate the Fighter (Octopode Transmuter)          Turns: 14217, Time: 01:11:59

Health: 0/88       AC:  7    Str: 10    XL:     10   Next: 28%
Magic:  11/15      EV: 11    Int: 27    God:    Qazlal [****..]
Gold:   579        SH:  5    Dex: 19    Spells: 3/13 levels left

rFire   . . .      SeeInvis .      - Unarmed
rCold   + + +      Faith    .    (shield currently unavailable)
rNeg    + . .      Spirit   .    (helmet currently unavailable)
rPois   +          Reflect  .    n - amulet of the acrobat
rElec   .          Harm     .    c - +6 ring of intelligence
rCorr   +          Rampage  .    g - +4 ring of protection
Will    .....                    l - ring of resist corrosion
Stlth   +.........               o - ring of protection from fire
HPRegen 0.24/turn                k - ring "Zion" {rC+ rN+ rCorr Int+2}
MPRegen 0.14/turn                t - +6 ring of dexterity
                                 (no ring)
                                 (no ring)

@: ice-form, wereblooded, corroded, repel missiles
A: freezing attack, boosted hp, almost no armour, amphibious, 8 rings, large,
(camouflage 1), (gelatinous body 1), (nimble swimmer 1), (tentacles)
a: End Transformation, Renounce Religion, Upheaval, Elemental Force


You were on level 9 of the Dungeon.
You worshipped Qazlal.
Qazlal was greatly pleased with you.
You were a creature of crystalline ice.
You visited 2 branches of the dungeon, and saw 10 of its levels.
You also visited: Sewer and Ossuary.

You collected 579 gold pieces.

Inventory:

Jewellery
 c - a +6 ring of intelligence (left front paw)
 g - a +4 ring of protection (right front paw)
 k - the ring "Zion" (on tentacle) {rC+ rN+ rCorr Int+2}
   (You found it on level 5 of the Dungeon)

   [ring of protection from cold]

   Int:       It affects your intelligence (+2).
   rC:        It protects you from cold.
   rN:        It protects you from negative energy.
   rCorr:     It protects you from acid and corrosion.
 l - a ring of resist corrosion (on tentacle)
 n - an amulet of the acrobat (around neck)
 o - a ring of protection from fire (on tentacle)
 t - a +6 ring of dexterity (on tentacle)
Scrolls
 b - 2 scrolls of noise
 d - a scroll of enchant weapon
 q - a scroll of immolation
 s - 5 scrolls of teleportation {@r3}
 u - a scroll of magic mapping {@r5}
 w - a scroll of blinking {@r4}
 x - a scroll of vulnerability
 y - a scroll of identify {@r1}
 z - a scroll of amnesia {unknown}
Potions
 a - a potion of lignification
 e - 6 potions of mutation
 f - 4 potions of brilliance
 h - 4 potions of curing {@q1}
 i - 2 potions of heal wounds {@q2}
 j - 6 potions of magic
 m - 3 potions of haste {@q4}
 p - 2 potions of berserk rage
 r - 3 potions of might {@q3}
 v - a potion of flight


   Skills:
 - Level 9.5 Fighting
 - Level 3.5 Dodging
 - Level 1.7 Stealth
 - Level 7.1 Unarmed Combat
 - Level 2.0 Spellcasting
 - Level 4.0 Transmutations
 - Level 3.8 Ice Magic
 + Level 7.1 Invocations


You had 3 spell levels left.
You knew the following spells:

 Your Spells              Type           Power      Damage    Failure   Level
a - Beastly Appendage     Tmut           48%        N/A       1%          1
b - Wereblood             Tmut           24%        N/A       2%          2
c - Spider Form           Tmut/Pois      13%        N/A       13%         3
d - Ice Form              Ice/Tmut       23%        N/A       21%         4

Your spell library contained the following spells:

 Spells                   Type           Power      Damage    Failure   Level
 Frozen Ramparts          Ice            46%        1d7       6%          3
 Ensorcelled Hibernation  Hex/Ice        24%        N/A       7%          2
 Summon Ice Beast         Ice/Summ       12%        N/A       41%         4
 Anguish                  Hex/Necr       1%         N/A       67%         4
 Fireball                 Conj/Fire      1%         3d3       95%         5
 Iskenderun's Battlesphe  Conj           2%         2d6       95%         5
 Conjure Ball Lightning   Conj/Air       1%         3x3d6     100%        6
 Orb of Destruction       Conj           1%         9d5       100%        7


Dungeon Overview and Level Annotations

Branches:
Dungeon (9/15)             Temple (1/1) D:5            Lair (0/5) D:8
  Sewer (visited)         Ossuary (visited)
    Orc: D:9-12

Altars:
Ashenzari
Dithmenos
Elyvilon
Fedhas
Gozag
Hepliaklqana
Kikubaaqudgha
Makhleb
Nemelex Xobeh
Okawaru
Qazlal
Ru
Sif Muna
Trog
Uskayaw
Vehumet
Wu Jian
Xom
Yredelemnul
Zin
The Shining One

Shops:
D:9 (

Annotations:
D:6 2 transporters FQH alttari RQI alttari
D:9 Erica


Innate Abilities, Weirdness & Mutations

You are a creature of crystalline ice.
You have a powerful freezing melee attack.
Your maximum health is increased.
Your armour is entirely melded.
You are incapable of wielding weapons or throwing items.
You cannot wear most types of armour.
You are amphibious.
You can wear up to eight rings at the same time.
((Your skin changes colour to match your surroundings (Stealth+).))
((Your rubbery body absorbs attacks. (AC +1, EV +1)))
((You are camouflaged when in or above water. (Stealth+)))
((You have tentacles for arms and can constrict up to eight enemies at once.))


Message History

You kill the orc!
Qazlal accepts your kill.
You punch the two-headed ogre! You freeze the two-headed ogre.
The two-headed ogre hits you with a +0 giant club!!
The two-headed ogre barely misses you.
You punch the two-headed ogre! You freeze the two-headed ogre.
You hit the two-headed ogre. You freeze the two-headed ogre.
An orc comes into view. It is wielding a +0 whip.
The two-headed ogre hits you with a +0 giant club.
The two-headed ogre hits you with a +0 giant spiked club!!
You pummel the two-headed ogre!! You freeze the two-headed ogre.
You feel a bit better.
You kill the two-headed ogre!
Qazlal accepts your kill. The acid dragon spits acid at you.
The splash of acid misses you.
The orc warrior hits you with a +0 scimitar!
Your Invocations skill gained 2 levels and is now at level 7!
The acid dragon completely misses you.
The acid dragon claws you but does no damage.
You are too injured to fight recklessly!
You pummel the acid dragon!! You freeze the acid dragon.
You block the acid dragon's attack. The acid dragon closely misses you.
The orc warrior barely misses you.
You barely miss the acid dragon. The orc hits you but does no damage.
The acid dragon bites you but does no damage.
You block the acid dragon's attack.
The orc warrior hits you with a +0 scimitar.
You completely miss the acid dragon. The orc hits you with a +0 flail.
The acid dragon spits acid at you. The splash of acid hits you! You resist.
* * * LOW HITPOINT WARNING * * *
The acid corrodes you!
The orc warrior hits you with a +0 scimitar!
* * * LOW HITPOINT WARNING * * *
You barely miss the acid dragon.
You howl as the wereblood boils in your veins!
You block the orc's attack. The orc hits you with a +0 flail.
* * * LOW HITPOINT WARNING * * *
The acid dragon bites you.
* * * LOW HITPOINT WARNING * * *
The acid dragon claws you.
You die...

####
#######'##
##..# ##..##
#..##
######'#####
#.....?....#
#..........#
#.....[....#
+.......°..#
#
#...°o○....#
+ .....
#....)Y.°..#
# ....
#...§Doo...#
#..
####+._○####
####.####
.....
........#
###.##+
..4.....###
...
..........#
...
......!.#
...
........#
........#
..<.....#


You could see an orc warrior, an acid dragon (catching breath) and 2 orcs.

Vanquished Creatures
  A two-headed ogre (D:9)
  Joseph (D:8)
  A hornet (D:9)
  A wyvern (D:8)
  A steam dragon (D:9)
  The ghost of Dreamer the Changer, an amateur OpTm (D:3)
  A water moccasin (Sewer)
  3 orc warriors (D:9)
  2 black bears
  2 ice beasts
  An ogre (D:7)
  A phantom (D:4)
  An elf zombie (Ossuary)
  2 bullfrogs
  2 scorpions
  9 killer bees
  3 howler monkeys (D:7)
  2 jellies
  Crazy Yiuf (D:2)
  2 gnoll boudas
  2 orc priests
  Jessica (D:2)
  Natasha (twice) (D:2)
  2 iguanas (D:6)
  6 orc wizards
  2 mummies (Ossuary)
  Robin (D:2)
  8 adders
  13 gnolls
  A white imp (D:6)
  2 ufetubi (D:5)
  4 adder zombies (Ossuary)
  4 worms
  4 dart slugs
  26 orcs
  12 bats
  7 endoplasms
  3 giant cockroaches
  14 goblins
  4 hobgoblins
  3 jackals (D:1)
  3 quokkas
  4 ball pythons
  5 frilled lizards
  A goblin zombie (Ossuary)
  11 hobgoblin zombies (Ossuary)
  A jackal zombie (Ossuary)
  6 kobolds
  7 kobold zombies (Ossuary)
  9 orc zombies (Ossuary)
  6 rats
  3 rat zombies (Ossuary)
  A butterfly (D:6)
216 creatures vanquished.

Notes
Turn   | Place    | Note
-------+----------+-------------------------------------------
     0 | D:1      | Colgate the Octopode Transmuter began the quest for the
                  | Orb.
     0 | D:1      | Reached XP level 1. HP: 13/13 MP: 3/3
   118 | D:1      | Reached skill level 1 in Stealth
   204 | D:1      | Reached XP level 2. HP: 16/18 MP: 3/5
   207 | D:1      | Learned a level 2 spell: Wereblood
   391 | D:1      | You fall into a shaft and drop 1 floor!
   881 | D:1      | Found a faded altar of an unknown god.
   886 | D:1      | Prayed at the altar of an unknown god.
   886 | D:1      | Became a worshipper of Qazlal Stormbringer
   886 | D:1      | Reached * piety under Qazlal
  1349 | D:2      | Reached XP level 3. HP: 21/23 MP: 2/6
  1358 | D:2      | Learned a level 3 spell: Spider Form
  1800 | D:2      | Noticed Jessica
  1811 | D:2      | Killed Jessica
  1812 | D:2      | Reached skill level 2 in Fighting
  1812 | D:2      | Reached XP level 4. HP: 29/30 MP: 1/7
  2045 | D:2      | Noticed Natasha
  2065 | D:2      | Killed Natasha
  2524 | D:2      | Noticed Natasha
  2537 | D:2      | Killed Natasha
  2538 | D:2      | Reached XP level 5. HP: 35/35 MP: 3/8
  2609 | D:2      | Noticed Robin
  2618 | D:2      | Killed Robin
  2618 | D:2      | Reached ** piety under Qazlal
  2951 | D:2      | Found a runed translucent door.
  2952 | D:2      | Noticed Crazy Yiuf
  3057 | D:2      | Killed Crazy Yiuf
  3058 | D:2      | Reached skill level 3 in Fighting
  3422 | D:3      | Found a shadowy altar of Dithmenos.
  3878 | D:3      | Found a runed translucent door.
  3879 | D:3      | Noticed Dreamer's ghost (amateur OpTm)
  3954 | D:3      | Found a runed translucent door.
  4547 | D:3      | Killed Dreamer's ghost
  4548 | D:3      | Reached skill level 4 in Fighting
  4548 | D:3      | Reached XP level 6. HP: 43/45 MP: 2/9
  5468 | D:4      | Reached skill level 1 in Invocations
  5654 | D:4      | Reached XP level 7. HP: 38/49 MP: 2/10
  5756 | D:4      | Reached skill level 1 in Ice Magic
  5794 | D:4      | Found a glowing drain.
  5811 | D:4      | Learned a level 4 spell: Ice Form
  5818 | Sewer    | Entered a sewer
  6643 | D:4      | Reached skill level 5 in Unarmed Combat
  6961 | D:5      | Entered Level 5 of the Dungeon
  6969 | D:5      | Reached XP level 8. HP: 54/54 MP: 2/11
  7044 | D:5      | Identified the ring "Zion" {rC+ rN+ rCorr Int+2}
  7124 | D:5      | Reached skill level 5 in Fighting
  7157 | D:5      | Reached skill level 6 in Fighting
  7158 | D:5      | Reached *** piety under Qazlal
  7453 | D:5      | Found a staircase to the Ecumenical Temple.
  8188 | Temple   | Entered the Ecumenical Temple
  8372 | D:6      | Found a sand-covered staircase.
  8376 | Ossuary  | Entered an ossuary
  8830 | Ossuary  | Reached **** piety under Qazlal
  9477 | D:6      | Identified the +2 cloak of Gehenna {rPois rCorr Stlth+}
  9482 | D:6      | Found a white marble altar of Elyvilon.
  9613 | D:6      | Found a transporter.
  9649 | D:6      | Found a transporter.
  9654 | D:6      | Noticed a gargoyle
  9658 | D:6      | Found a hazy altar of Hepliaklqana.
  9842 | D:6      | Found a faded altar of an unknown god.
  9842 | D:6      | Found a hide-covered altar of Uskayaw.
  9850 | D:6      | Found an ancient bone altar of Kikubaaqudgha.
  9886 | D:6      | Found an ornate altar of the Wu Jian Council.
  9888 | D:6      | Found a faded altar of an unknown god.
 10122 | D:7      | Reached XP level 9. HP: 63/63 MP: 7/12
 10336 | D:7      | Reached skill level 7 in Fighting
 10902 | D:7      | Reached skill level 8 in Fighting
 11534 | D:8      | Found a staircase to the Lair.
 12685 | D:8      | Noticed Joseph
 12713 | D:8      | Killed Joseph
 12714 | D:8      | Reached skill level 9 in Fighting
 13185 | D:9      | Noticed a hornet
 13197 | D:9      | Killed a hornet
 13429 | D:9      | Reached XP level 10. HP: 64/74 MP: 9/13
 13505 | D:9      | Found Rejeocle's Weapon Shoppe.
 13571 | D:9      | Noticed Erica
 13691 | D:9      | Noticed an orange demon
 13894 | D:9      | Found a glowing golden altar of the Shining One.
 14026 | D:9      | Reached skill level 5 in Invocations
 14198 | D:9      | Found a burning altar of Makhleb.
 14204 | D:9      | Noticed a two-headed ogre
 14212 | D:9      | Killed a two-headed ogre
 14217 | D:9      | HP: 4/88 [acid dragon (2)]
 14217 | D:9      | Slain by an acid dragon

Illustrated notes

Levels and vault maps discovered:
D:1:      lightli_molten_gateway, layout_loops_ring, basic_ecumenical_altar,
          roderic_roman_lattice, grunt_decor_clamped
D:2:      layout_loops_corners, minmay_ruptured, uniq_natasha,
          uniq_crazy_yiuf_cottage, uniq_jessica, uniq_robin
D:3:      layout_basic, grunt_dithmenos_smoke_and_mirrors,
          ebering_ghost_sewer_f, serial_rivers, chequers_serial_rivers_large_b,
          chequers_serial_rivers_small_3, chequers_serial_rivers_room_a,
          chequers_serial_rivers_micro_e, chequers_serial_rivers_large_a,
          chequers_serial_rivers_small_3
D:4:      layout_loops_ring, cheibrodos_sewer_entry_drain
D:5:      layout_rooms, temple_doors_ab
D:6:      layout_basic, nicolae_elyvilon_peaceful_grove,
          gammafunk_temple_overflow_arena, chequers_temple_overflow_minitemple,
          lightli_ossuary_entry_decrepit_ruins, minmay_holes
D:7:      layout_basic
D:8:      layout_basic, lair_entry_dummy, eino_small_chamber_without_monster,
          uniq_joseph
D:9:      layout_roguey, bloody_makhleb, mainiacjoe_overflow_cross_hatched,
          nicolae_tso_carved_into_rock, serial_shops, nicolae_lakefront_shop,
          nicolae_shop_statue_plus, nicolae_diamond_shop,
          ebering_ghost_inner_flame, uniq_psyche, uniq_harold, uniq_erica,
          uniq_amaemon
Temple:   nicolae_temple_bog_church

Skill      XL: |  1  2  3  4  5  6  7  8  9 10 |
---------------+-------------------------------+-----
Stealth        | 1 |  1.7
Unarmed Combat | 4 5 6 7 |  7.1
Fighting       | 2 4 6 9 |  9.5
Transmutations | 3 4 |  4.0
Invocations    | 1 4 7 |  7.1
Ice Magic      | 3 |  3.8
Dodging        | 3 |  3.5
Spellcasting   | |  2.0

Action                   |  1- 3 |  4- 6 |  7- 9 | 10-12 || total
-------------------------+-------+-------+-------+-------++-------
Melee: Unarmed           |    67 |   118 |   305 |    22 ||   512
       Constrict         |    14 |     7 |    15 |       ||    36
       Kick              |    11 |       |       |       ||    11
       Tentacles         |     7 |     7 |    15 |       ||    29
       Punch             |     3 |       |     2 |       ||     5
 Cast: Beastly Appendage |    19 |       |       |       ||    19
       Wereblood         |     3 |     7 |    20 |     2 ||    32
       Spider Form       |     1 |    34 |     4 |       ||    39
       Ice Form          |       |       |    82 |    12 ||    94
Invok: Upheaval          |       |       |     2 |       ||     2
 Abil: End Transformatio |       |     1 |       |       ||     1
  Use: Scroll            |       |     4 |    13 |       ||    17
 Stab: Sleeping          |     2 |       |       |       ||     2
Armor: Skin              |     3 |    10 |    84 |     5 ||   102
Dodge: Dodged            |    39 |    65 |   161 |     9 ||   274
       Repelled          |       |       |       |     1 ||     1
Block: Other             |     3 |    13 |    35 |     4 ||    55

Table legend: (Time is in decaauts)
 A = Elapsed time spent in this place.
 B = Non-inter-level travel time spent in this place.
 C = Inter-level travel time spent in this place.
 D = Time resting spent in this place.
 E = Time spent auto-exploring this place.
 F = Levels seen in this place.
 G = Mean time per level.
                   A        B        C        D        E       F      G
               +--------+--------+--------+--------+--------+-----+--------+
         Total |  14168 |  13194 |    974 |    794 |  10750 |  12 | 1180.7 |
       Dungeon |  12959 |  11991 |    968 |    638 |   9921 |   9 | 1439.9 |
        Temple |    160 |    155 |      5 |      0 |    146 |   1 |  160.0 |
         Sewer |    399 |    399 |      0 |     85 |    255 |   1 |  399.0 |
       Ossuary |    648 |    648 |      0 |     71 |    428 |   1 |  648.0 |
               +--------+--------+--------+--------+--------+-----+--------+

Top non-repeatable levels by time:
     D:3: 2281 daAuts
     D:8: 1873 daAuts
     D:2: 1782 daAuts
     D:7: 1339 daAuts
     D:1: 1310 daAuts
     D:5: 1242 daAuts
     D:4: 1172 daAuts
     D:6: 991 daAuts
     D:9: 967 daAuts
 Ossuary: 648 daAuts
   Sewer: 399 daAuts
  Temple: 160 daAuts
